 Dungeon Crawl Stone Soup version 0.23-a0-261-g133332c (console) character file.

16 bli the Insei (level 2, 0/18 HPs)
             Began as an Octopode Transmuter on Sept 29, 2018.
             Slain by a jackal (2 damage)
             ... on level 1 of the Dungeon.
             The game lasted 00:02:36 (525 turns).

bli the Insei (Octopode Transmuter)                  Turns: 525, Time: 00:02:36

Health: 0/18       AC:  1    Str:  9    XL:     2   Next: 58%
Magic:  4/5        EV: 13    Int: 15    God:
Gold:   31         SH:  0    Dex: 12    Spells: 4/5 levels left

rFire    . . .     SeeInvis .   j - -3 dagger (curse)
rCold    . . .     Gourm    .   (no shield)
rNeg     . . .     Faith    .   (helmet restricted)
rPois    .         Spirit   .   (no amulet)
rElec    .         Reflect  .   (no ring)
rCorr    .         Harm     .   (no ring)
MR       .....                  (no ring)
Stlth    +++.......             (no ring)
HPRegen  0.06/turn              (no ring)
MPRegen  0.09/turn              (no ring)
                                (no ring)
                                (no ring)

@: appendage (expiring)
A: almost no armour, stealthy swim, amphibious, 8 rings, constrict 8, tentacle
spike 3, camouflage 1, gelatinous body 1
a: End Transformation


You were on level 1 of the Dungeon.
You were not hungry.
One of your tentacles had a temporary spike.
You visited 1 branch of the dungeon, and saw 1 of its levels.

You collected 31 gold pieces.

Inventory:

Hand Weapons
 i - a +0 dagger
 j - a cursed -3 dagger (weapon)
Missiles
 a - 60 arrows
 g - 9 poisoned needles
Scrolls
 e - a scroll of immolation
Potions
 b - a potion of berserk rage {unknown}
 d - a potion of curing {unknown}
 h - a potion of resistance {unknown}
Comestibles
 c - 3 rations
 f - 8 chunks of flesh


   Skills:
 * Level 1.1 Fighting
 * Level 2.1 Dodging
 * Level 1.1 Stealth
 + Level 3.2 Unarmed Combat
 + Level 2.1 Spellcasting
 + Level 2.1 Transmutations


You had 4 spell levels left.
You knew the following spells:

 Your Spells              Type           Power        Failure   Level  Hunger
a - Beastly Appendage     Tmut           #.....       10%         1    #......

Your spell library contained the following spells:

 Spells                   Type           Power        Failure   Level  Hunger
 Sticks to Snakes         Tmut           #.......     14%         2    ###....
 Spider Form              Tmut/Pois      #.........   38%         3    ###....
 Ice Form                 Ice/Tmut       #.......     80%         4    #####..
 Blade Hands              Tmut           #.........   95%         5    ######.


Dungeon Overview and Level Annotations

Branches:
Dungeon (1/15)

Altars:


Innate Abilities, Weirdness & Mutations

You cannot wear most types of armour.
You are very stealthy in the water. (Stealth+)
You are amphibious.
You can wear up to eight rings at the same time.
You can use your tentacles to constrict eight enemies at once.
Your skin changes colour to match your surroundings (Stealth+).
Your rubbery body absorbs attacks. (AC +1, EV +1)
One of your tentacles bears a large vicious spike.


Message History

You barely miss the jackal. Your grab misses the jackal.
You constrict the jackal, but do no damage.
The jackal barely misses you. The jackal closely misses you.
The jackal bites You hit the jackal but do no damage.
You grab the jackal.
You squeeze the The jackal is almost dead.
You constrict the jackal, but do no damage.
You constrict the jackal. The jackal closely misses you. The jackal bites you.
* * * LOW HITPOINT WARNING * * *
The jackal bites you.
* * * LOW HITPOINT WARNING * * *
The jackal barely misses you.
The jackal bites you but does no damage. x2
You hit the jackal. Your grab misses the jackal.
The jackal is moderately wounded.
Your transformation is almost over.
You constrict the jackal, but do no damage.
You constrict the jackal. The jackal bites you.
* * * LOW HITPOINT WARNING * * *
The jackal bites you.
You die...

.^..........#
###.#######)##### #.#
#....÷....# #÷#
#.........# #.#
#....)....# #)#
#.........#### #.#
#............# #.#
#.........##.# #.#
#.........# .# #.#
#.........##.##### #..
#....%...h@h.....#
###.########.hh#.###.#
#.# ......(.# #.#
#.##...#.# #.# #
##.##.# ###.### .#. #
#.....# # # ###.#.#.##
.........# ###.#.#..#
#......#


You could see 4 jackals.

Vanquished Creatures
  A giant cockroach (D:1)
  3 jackals (D:1)
  A bat (D:1)
  5 goblins (D:1)
  4 kobolds (D:1)
  2 rats (D:1)
16 creatures vanquished.

Notes
Turn   | Place    | Note
-------+----------+-------------------------------------------
     0 | D:1      | bli the Octopode Transmuter began the quest for the Orb.
     0 | D:1      | Reached XP level 1. HP: 13/13 MP: 3/3
   192 | D:1      | Reached XP level 2. HP: 18/18 MP: 3/5
   384 | D:1      | Reached skill level 1 in Stealth
   525 | D:1      | Slain by a jackal

Vault maps used:
D:1:      erik_arrival_triangle_small

Skill      XL: |  1  2 |
---------------+-------+-----
Stealth        | 1 |  1.1
Fighting       | |  1.1
Dodging        | |  2.1
Unarmed Combat | |  3.2
Spellcasting   | |  2.1
Transmutations | |  2.1

Action                   || total
-------------------------++-------
Melee: Unarmed           ||    26
       Constrict         ||    11
       Kick              ||     6
       Tentacles         ||     4
       Dagger            ||     5
 Cast: Beastly Appendage ||     9
  Use: Scroll            ||     1
 Stab: Sleeping          ||     3
Armor: Skin              ||     3
Dodge: Dodged            ||    16

Table legend:
 A = Non-vault XP
 B = Vault XP
 C = Vault XP percentage of total XP
 D = Non-vault monster count
 E = Vault monster count
 F = Vault count percentage of total count
                 A         B        C        D         E       F
            +---------+---------+-------+---------+---------+-------
      Total |      24 |       0 |   0.0 |      16 |       0 |   0.0
            +---------+---------+-------+---------+---------+-------
        D:1 |      24 |       0 |   0.0 |      16 |       0 |   0.0
            +---------+---------+-------+---------+---------+-------
